 Dungeon Crawl Stone Soup version 0.30.0-29-ga12c61a403 (webtiles) character file.

Game seed: 14441031130164883891

213 qw the Chopper (level 5, 0/32 HPs)
             Began as a Gargoyle Fighter on June 4, 2023.
             Frozen to death by an endoplasm (1 damage)
             ... on level 4 of the Dungeon.
             The game lasted 00:01:33 (2660 turns).

qw the Chopper (Gargoyle Fighter)                   Turns: 2660, Time: 00:01:34

Health: 0/32       AC: 14    Str: 21    XL:     5   Next: 90%
Magic:  5/5        EV: 10    Int: 12    God:
Gold:   65         SH:  4    Dex:  9    Spells: 4/4 levels left

rFire   . . .        Y - +0 war axe
rCold   . . .        c - +0 buckler
rNeg    + . .        q - +3 ring mail {rPois}
rPois   inf          g - +1 helmet {Int+3}
rElec   +            (no cloak)
rCorr   .            (no gloves)
SInv    .            (no boots)
Will    .....        (no amulet) Stlth
                     (no ring)
HPRegen 0.25/turn    (no ring)
MPRegen 0.09/turn

%: no passive effects
@: about to teleport
A: sickness immunity, AC +4, negative energy resistance 1, electricity
resistance, torment resistance 1, petrification resistance
a: no special abilities


You were on level 4 of the Dungeon.
You visited 1 branch of the dungeon, and saw 4 of its levels.

You collected 162 gold pieces.
You spent 97 gold pieces at shops.


Innate Abilities, Weirdness & Mutations

You are immune to sickness and miasma.
Your stone body is resilient. (AC +4)
You are immune to poison.
You resist negative energy. (rN+)
You are resistant to electric shocks. (rElec)
You are resistant to unholy torment.
You are immune to petrification.


   Skills:
 - Level 3.4 Fighting
 - Level 5.0 Axes
 - Level 1.0 Throwing
 - Level 3.2 Armour
 + Level 0.8 Dodging
 - Level 3.2 Shields


You had 4 spell levels left.
You didn't know any spells.
Your spell library was empty.

Inventory:

Hand Weapons
 s - a +4 flail of pain
 Y - a +0 war axe (weapon)
Missiles
 j - a javelin (quivered)
Armour
 c - a +0 buckler (worn)
 f - a +2 robe of resistance
 g - a +1 helmet of intelligence (worn)
 h - a +0 pair of gloves
 q - a +3 ring mail of poison resistance (worn)
Scrolls
 a - a scroll of identify
 b - a scroll of noise {unknown}
Potions
 d - a potion of might
 i - 2 potions of cancellation
 o - a potion of heal wounds {unknown}
 p - a potion of resistance {unknown}
 r - a potion of lignification {unknown}

Dungeon Overview and Level Annotations

Branches:
Dungeon (4/15)
 Temple: D:4-7

Altars:

Shops:
D:1 :   D:3 (


Message History

The endoplasm freezes you.
You are frozen.
The orc priest misses you.
You hit the endoplasm.
You kill the endoplasm!
You hit the orc priest. The orc priest barely misses you.
The orc priest miscasts a cantrip.
You hit the orc priest but do no damage.
The orc priest is lightly wounded.
The orc priest invokes the aid of Beogh against you.
Beogh smites you!
2655 ||| READING 2 scrolls of teleportation.
As you read the scroll of teleportation, it crumbles to dust.
You feel strangely unstable.
The orc priest hits you but does no damage.
You closely miss the orc priest.
The orc priest is lightly wounded.
The orc priest hits you but does no damage.
You slash the orc priest!
The orc priest is almost dead.
Your surroundings suddenly seem different.
An endoplasm, an adder, a goblin and an orc come into view.
Found 4 stones and 13 gold pieces.
The endoplasm quivers.
The adder hisses angrily.
The goblin shouts!
The orc shouts!
The orc barely misses you.
2658 ||| READING scroll of teleportation.
As you read the scroll of teleportation, it crumbles to dust.
You feel strangely unstable. The orc closely misses you.
You hit the orc but do no damage. You hit the endoplasm but do no damage.
You block the orc's attack.
The endoplasm jiggles.
The endoplasm freezes you.
You are frozen.
You miss the adder. You hit the orc. You hit the endoplasm.
You block the adder's attack. The orc hits you but does no damage.
The endoplasm freezes you.
You are frozen.
You die...

.# .#
.#######.#
.........
.........
........#
...$..SJ#
....$go@#
........#
#########


You could see an adder, an orc, an endoplasm and a goblin.

Vanquished Creatures
  Jessica (D:2)
  Natasha (twice) (D:2)
  3 adders
  An ufetubus (D:4)
  A worm (D:2)
  2 dart slugs
  10 orcs
  3 ball pythons
  8 bats
  10 endoplasms
  2 giant cockroaches (D:1)
  7 goblins
  10 hobgoblins
  4 jackals (D:2)
  6 quokkas
  4 frilled lizards (D:1)
  5 kobolds
  3 rats
82 creatures vanquished.

Notes
Turn   | Place    | Note
-------+----------+-------------------------------------------
     0 | D:1      | qw the Gargoyle Fighter began the quest for the Orb.
     0 | D:1      | Reached XP level 1. HP: 14/14 MP: 1/1
     0 | D:1      | 0 ||| qw: Version: 0.2-a-107-g4668610
     0 | D:1      | 0 ||| qw: Game counter: 1280
     0 | D:1      | 0 ||| qw: Always use a shield: true
     0 | D:1      | 0 ||| qw: God list: Okawaru
     0 | D:1      | 0 ||| qw: Allow faded altars: false
     0 | D:1      | 0 ||| qw: Do Orc after D:15 true
     0 | D:1      | 0 ||| qw: Do second Lair branch before Depths: true
     0 | D:1      | 0 ||| qw: Lair rune preference: random
     0 | D:1      | 0 ||| qw: Plans: Normal, Zot:1-4, Slime:5, God:TSO, Crypt,
                  | Tomb, Abyss, Pan, Hells, Win
     0 | D:1      | 0 ||| PLANNING D:1-11
    20 | D:1      | Reached skill level 2 in Axes
   118 | D:1      | Reached XP level 2. HP: 19/19 MP: 2/2
   245 | D:1      | 245 ||| Stepping ~*~*~tactically~*~*~ (hiding).
   248 | D:1      | 248 ||| Stepping ~*~*~tactically~*~*~ (hiding).
   249 | D:1      | 249 ||| Stepping ~*~*~tactically~*~*~ (hiding).
   453 | D:1      | Reached skill level 3 in Axes
   465 | D:1      | Found Uhiyx's Book Shop.
   474 | D:1      | Reached XP level 3. HP: 23/23 MP: 3/3
   786 | D:1      | 786 ||| READING 3 scrolls labelled FAOCOU ROCARO.
  1004 | D:2      | Noticed Jessica
  1011 | D:2      | Killed Jessica
  1012 | D:2      | Reached skill level 4 in Axes
  1012 | D:2      | Reached XP level 4. HP: 17/28 MP: 4/4
  1087 | D:2      | 1087 ||| DROPPING +0 club.
  1321 | D:2      | Noticed Natasha
  1361 | D:2      | Killed Natasha
  1362 | D:2      | Reached XP level 5. HP: 16/32 MP: 5/5
  1602 | D:2      | Noticed Natasha
  1608 | D:2      | Killed Natasha
  1609 | D:2      | Reached skill level 5 in Axes
  1768 | D:2      | 1768 ||| UPGRADING to +0 helmet.
  1773 | D:2      | 1773 ||| READING scroll labelled TUTO LOVVALIUWESE.
  1774 | D:2      | 1774 ||| READING scroll labelled XIEL BODIQ MARPH.
  1796 | D:2      | 1796 ||| READING scroll labelled POV RAR VEAB.
  1801 | D:2      | 1801 ||| READING scroll labelled NULUNG MEAPIT.
  1802 | D:2      | 1802 ||| READING 2 scrolls of identify.
  1802 | D:2      | 1802 ||| IDENTIFYING glowing dark potion
  1973 | D:3      | Found a faded altar of an unknown god.
  1974 | D:3      | 1974 ||| Stepping ~*~*~tactically~*~*~ (hiding).
  2331 | D:3      | Reached skill level 1 in Throwing
  2338 | D:3      | Found Leawi's Antique Weapon Emporium.
  2358 | D:3      | 2358 ||| BUYING runed flail (97 gold).
  2358 | D:3      | Bought a runed flail for 97 gold pieces
  2358 | D:3      | 2358 ||| SHOPLISTING runed hand axe (90 gold, have 47).
  2358 | D:3      | 2358 ||| DROPPING +0 whip.
  2476 | D:3      | 2476 ||| UPGRADING to +1 helmet of intelligence.
  2486 | D:3      | 2486 ||| DROPPING +0 helmet.
  2487 | D:3      | 2487 ||| UPGRADING to +3 ring mail of poison resistance.
  2497 | D:3      | 2497 ||| DROPPING +0 scale mail.
  2498 | D:3      | 2498 ||| READING scroll labelled AZOASAO BAONAU.
  2499 | D:3      | 2499 ||| READING 3 scrolls labelled HAEHONI WURR.
  2500 | D:3      | 2500 ||| READING 2 scrolls of identify.
  2500 | D:3      | 2500 ||| IDENTIFYING green potion
  2501 | D:3      | 2501 ||| DROPPING potion of brilliance.
  2502 | D:3      | 2502 ||| DROPPING 2 scrolls of immolation.
  2640 | D:4      | 2640 ||| Stepping ~*~*~tactically~*~*~ (stealth).
  2654 | D:4      | HP: 3/32 [orc priest/divine providence (12)]
  2655 | D:4      | 2655 ||| READING 2 scrolls of teleportation.
  2658 | D:4      | 2658 ||| READING scroll of teleportation.
  2659 | D:4      | HP: 1/32 [frozen (4)]
  2660 | D:4      | Frozen to death by an endoplasm

Levels and vault maps discovered:
D:1:      dpeg_arrival_connections, layout_rooms, serial_shops,
          nicolae_shop_tiny_waterfront, serial_corexii_hall,
          corexii_hall_statues_u, chequers_hall_statues_wall_a,
          corexii_hall_statues_x, corexii_hall_statues_x,
          chequers_hall_statues_y, corexii_hall_statues_u
D:2:      layout_basic, uniq_natasha, uniq_jessica
D:3:      layout_basic, serial_shops, shop, shapermc_ecumenical_altar_venn,
          minmay_cupped
D:4:      layout_basic

Skill      XL: |  1  2  3  4  5 |
---------------+----------------+-----
Axes           | 2 3 4 5 |  5.0
Throwing       | 1 |  1.0
Fighting       | |  3.4
Armour         | |  3.2
Dodging        | |  0.8
Shields        | |  3.2

Action                     |  1- 3 |  4- 6 || total
---------------------------+-------+-------++-------
  Melee: War axe           |   115 |   142 ||   257
  Throw: Javelin           |       |    15 ||    15
    Use: Scroll            |     1 |    10 ||    11
 Armour: Scale mail        |    65 |    66 ||   131
         Ring mail         |       |    21 ||    21
  Dodge: Dodged            |    49 |    71 ||   120
  Block: Buckler           |    25 |    36 ||    61

Table legend:
 A = Non-vault XP
 B = Vault XP
 C = Vault XP percentage of total XP
 D = Non-vault monster count
 E = Vault monster count
 F = Vault count percentage of total count
                 A         B        C        D         E       F
            +---------+---------+-------+---------+---------+-------
      Total |     226 |      79 |  25.9 |      77 |       5 |   6.1
            +---------+---------+-------+---------+---------+-------
        D:1 |      55 |       0 |   0.0 |      31 |       0 |   0.0
        D:2 |     105 |      72 |  40.7 |      25 |       2 |   7.4
        D:3 |      35 |       7 |  16.7 |      15 |       3 |  16.7
        D:4 |      31 |       0 |   0.0 |       6 |       0 |   0.0
            +---------+---------+-------+---------+---------+-------
